 Dungeon Crawl Stone Soup version 0.27.1-35-g4d5d836560 (webtiles) character file.

Game seed: 16180794834456544028

4952 cbfl8 the Carver (level 10, -17/86 HPs)
             Began as a Minotaur Monk on May 5, 2022.
             Was an Initiate of Yredelemnul.
             Demolished by an azure jelly (25 damage)
             ... created by the vengeance of Jiyva
             ... on level 8 of the Dungeon.
             The game lasted 00:32:01 (12199 turns).

cbfl8 the Carver (Minotaur Monk)                   Turns: 12199, Time: 00:32:02

Health: -17/86     AC: 23    Str: 15      XL:     10   Next: 28%
Magic:  9/9        EV:  6    Int:  5      God:    Yredelemnul [......]
Gold:   388        SH:  0    Dex: 12 (13) Spells: 9/9 levels left

rFire    . . .     SeeInvis +   B - +10 dagger of the Shoals {spect, SInv}
rCold    . . .     Faith    .   (no shield)
rNeg     . . .     Spirit   .   f - +0 plate armour
rPois    .         Reflect  .   (helmet restricted)
rElec    .         Harm     .   u - +0 cloak
rCorr    .         Rampage  .   D - +1 pair of gloves
Will     .....     Rnd*Rage +   d - +0 pair of boots
Stlth    ..........             l - amulet of the acrobat
HPRegen  0.24/turn              j - +4 ring of protection
MPRegen  0.11/turn              (no ring)

@: no status effects
A: horns 2, retaliatory headbutt, berserk 2, deterioration 1, dopey 1, weak 2,
subdued magic 3
a: Renounce Religion


You were on level 8 of the Dungeon.
You worshipped Yredelemnul.
Yredelemnul was noncommittal.
You visited 2 branches of the dungeon, and saw 9 of its levels.
You also visited: Ossuary.

You collected 388 gold pieces.

Inventory:

Hand Weapons
 a - a +0 falchion
 r - a +3 shortbow of flaming
 y - the +12 arbalest "Vecoo" {elec, +Blink rElec Int+5 Stlth-}
   (You found it on level 6 of the Dungeon)

   Any ammunition fired from it occasionally discharges a powerful burst of
   electricity upon striking a foe.
   Int:       It affects your intelligence (+5).
   rElec:     It insulates you from electricity.
   +Blink:    It lets you blink.
   Stlth:     It makes you less stealthy.
 B - the +10 dagger of the Shoals (weapon) {spect, SInv}
   (You found it on level 7 of the Dungeon)

   When its wielder attacks, the weapon's spirit leaps out and strikes again.
   The spirit shares a part of any damage it takes with its wielder.
   SInv:      It lets you see invisible.
Missiles
 s - 65 arrows
Armour
 b - a +0 robe
 d - a +0 pair of boots (worn)
 f - a +0 plate armour (worn)
 m - a +1 scale mail
 u - a +0 cloak (worn)
 D - a +1 pair of gloves (worn)
Jewellery
 j - a +4 ring of protection (left hand)
 l - an amulet of the acrobat (around neck)
Wands
 p - a wand of paralysis (1) (quivered)
 E - a wand of iceblast (3)
 H - a wand of charming (5)
Scrolls
 c - a scroll of enchant weapon
 e - a scroll of silence {unknown}
 q - a scroll of fog
 t - 2 scrolls of teleportation
 x - a scroll of summoning {unknown}
 A - a scroll of immolation {unknown}
 C - 2 scrolls of amnesia {unknown}
 F - 2 scrolls of identify
 G - a scroll of enchant armour
Potions
 g - 7 potions of attraction
 h - a potion of brilliance {unknown}
 i - 2 potions of flight
 k - 2 potions of haste
 n - a potion of lignification
 o - 6 potions of curing
 v - 2 potions of might
 w - a potion of resistance {unknown}
 z - a potion of mutation {unknown}


   Skills:
 + Level 7.6 Fighting
 + Level 4.7(7.9) Short Blades
 + Level 10.5(11.0) Long Blades
 + Level 9.6 Armour
 + Level 5.3 Dodging
 + Level 5.0 Stealth
 + Level 0.8 Evocations


You had 9 spell levels left.
You didn't know any spells.
Your spell library contained the following spells:

 Spells                   Type           Power      Damage    Failure   Level
 Corona                   Hex            0%         N/A       100%        1
 Ensorcelled Hibernation  Hex/Ice        0%         N/A       100%        2
 Tukima's Dance           Hex            0%         N/A       100%        3
 Summon Ice Beast         Ice/Summ       0%         N/A       100%        4
 Summon Mana Viper        Hex/Summ       0%         N/A       100%        5
 Monstrous Menagerie      Summ           0%         N/A       100%        7


Dungeon Overview and Level Annotations

Branches:
Dungeon (8/15)             Temple (1/1) D:5         Ossuary (visited)
   Lair: D:8-11

Altars:
Ashenzari
Cheibriados
Dithmenos
Elyvilon
Fedhas
Gozag
Hepliaklqana
Kikubaaqudgha
Makhleb
Nemelex Xobeh
Okawaru
Qazlal
Ru
Sif Muna
Trog
Uskayaw
Vehumet
Wu Jian
Xom
Yredelemnul
Zin
The Shining One
Jiyva

Shops:
D:2 (   D:5 *   D:8 ?

Annotations:
D:6 2 transporters


Innate Abilities, Weirdness & Mutations

You have a pair of horns on your head.
You reflexively headbutt those who attack you in melee.
You often lose your temper in combat.
Your body sometimes deteriorates upon taking damage.
You are dopey. (Int -2)
You are very weak. (Str -4)
Your spells are much easier to cast, but much less powerful.


Message History

The azure jelly is moderately wounded.
Your +10 dagger of the Shoals {spect, SInv} hits the azure jelly.
The azure jelly barely misses you. x2
The azure jelly hits you but does no damage. x2
You hit the azure jelly but do no damage.
The azure jelly is moderately wounded.
Your +10 dagger of the Shoals {spect, SInv} barely misses the azure jelly.
The azure jelly hits you! The azure jelly freezes you!!
The azure jelly hits you. The azure jelly freezes you!!
Your body deteriorates!
You feel clumsy. The azure jelly hits you!
* * * LOW HITPOINT WARNING * * *
The azure jelly hits you.
* * * LOW HITPOINT WARNING * * *
You hit the azure jelly. Your headbutt misses the azure jelly.
The azure jelly is moderately wounded.
Your +10 dagger of the Shoals {spect, SInv} hits the azure jelly.
Unknown command.
You closely miss the azure jelly. You headbutt the azure jelly.
The azure jelly is heavily wounded.
Your +10 dagger of the Shoals {spect, SInv} hits the azure jelly!
The azure jelly hits your +10 dagger of the Shoals {spect, SInv}.
The azure jelly freezes your +10 dagger of the Shoals {spect, SInv}!
Your +10 dagger of the Shoals {spect, SInv} resists.
Your spectral weapon shares its damage with you!
* * * LOW HITPOINT WARNING * * *
The azure jelly hits your +10 dagger of the Shoals {spect, SInv}!
Your spectral weapon shares its damage with you!
The azure jelly freezes your +10 dagger of the Shoals {spect, SInv}!!
Your +10 dagger of the Shoals {spect, SInv} resists.
Your spectral weapon shares its damage with you!
Your +10 dagger of the Shoals {spect, SInv} fades away.
* * * LOW HITPOINT WARNING * * *
You feel better.
The azure jelly hits you but does no damage.
The azure jelly hits you.
* * * LOW HITPOINT WARNING * * *
The azure jelly freezes you!!
You die...
Your body rises from the dead as a mindless zombie.

##### ### ###### #...## ######.##
###..... .....# #######.......##
#.......
....####.......#####..####.......
............##### ##..##..>.....
†.....#........)### ##..#........
..####........<.J§#####..#.......
.####...........@...####..##.....
.###...........≈≈G...≈≈≈#..##....
..#............≈##'''##≈##..#####
...............≈#.....#≈.##..## #
#..............≈#.....#≈...#..###
#..............≈#.....#≈....#..#.
#............[.≈#....[#≈.....#...
#..............≈#.....#≈.....##..
#..............≈#######≈.....###.


You could see an azure jelly and a floating eye.

Vanquished Creatures
  A two-headed ogre (D:8)
  A centaur zombie (D:7)
  A slime creature (D:6)
  Prince Ribbit (D:6)
  A wraith (D:7)
  9 yaks
  A wyvern (D:7)
  An acid dragon (D:8)
  A floating eye (D:6)
  Duvessa (D:5)
  A water moccasin (D:8)
  2 orc warriors
  An ice beast (D:7)
  2 necrophages
  A centaur (D:5)
  2 bullfrogs (D:8)
  3 scorpions
  Dowan (D:5)
  4 water moccasin zombies (Ossuary)
  4 hounds
  4 jellies
  2 orc priests
  Jessica (D:2)
  9 orc wizards
  An iguana (D:4)
  A killer bee zombie (D:7)
  2 mummies (Ossuary)
  A howler monkey zombie (D:8)
  6 gnolls
  A howler monkey skeleton (D:5)
  6 adders
  A shadow imp (D:6)
  An ufetubus (D:4)
  7 adder zombies (Ossuary)
  An adder skeleton (D:4)
  23 orcs
  6 ball pythons
  5 endoplasms
  4 giant cockroaches
  6 goblins
  7 hobgoblins
  7 jackals (D:4)
  4 quokkas
  2 bats (D:3)
  A gnoll zombie (Ossuary)
  4 hobgoblin zombies (Ossuary)
  6 kobolds
  3 kobold zombies (Ossuary)
  6 orc zombies (Ossuary)
  4 rats (D:2)
171 creatures vanquished.

Vanquished Creatures (others)
  3 withered plants (D:1)
3 creatures vanquished.

Grand Total: 174 creatures vanquished

Notes
Turn   | Place    | Note
-------+----------+-------------------------------------------
     0 | D:1      | cbfl8 the Minotaur Monk began the quest for the Orb.
     0 | D:1      | Reached XP level 1. HP: 19/19 MP: 0/0
   646 | D:1      | Reached XP level 2. HP: 27/27 MP: 1/1
   674 | D:1      | Reached skill level 4 in Long Blades
   870 | D:1      | Found a faded altar of an unknown god.
  1042 | D:2      | Found Mygonorel's Weapon Shop.
  1775 | D:2      | Noticed Jessica
  1778 | D:2      | Reached XP level 3. HP: 33/33 MP: 2/2
  1974 | D:3      | Found a snail-covered altar of Cheibriados.
  1974 | D:3      | Found an iron altar of Okawaru.
  2674 | D:3      | Reached XP level 4. HP: 28/40 MP: 3/3
  2942 | D:4      | Noticed an orc warrior
  3226 | D:2      | Killed Jessica
  3316 | D:4      | Reached skill level 5 in Long Blades
  3332 | D:4      | Reached XP level 5. HP: 41/46 MP: 4/4
  3358 | D:4      | Found an ornate altar of the Wu Jian Council.
  3772 | D:4      | Reached skill level 1 in Armour
  4001 | D:4      | Killed an orc warrior
  4002 | D:4      | Reached skill level 6 in Long Blades
  4002 | D:4      | Reached XP level 6. HP: 10/53 MP: 5/5
  4859 | D:4      | Reached skill level 5 in Dodging
  4859 | D:4      | Reached XP level 7. HP: 59/60 MP: 6/6
  4888 | D:5      | Entered Level 5 of the Dungeon
  5210 | D:5      | Found Dedi's Overcharged Wands.
  5316 | D:4      | Reached skill level 7 in Long Blades
  5571 | D:5      | Reached skill level 5 in Fighting
  5627 | D:5      | Noticed Dowan
  5627 | D:5      | Noticed Duvessa
  5654 | D:5      | Killed Duvessa
  5661 | D:5      | Killed Dowan
  6083 | D:5      | Reached skill level 8 in Long Blades
  6293 | D:5      | Found a staircase to the Ecumenical Temple.
  6304 | Temple   | Entered the Ecumenical Temple
  6604 | D:1      | Became a worshipper of Jiyva Josetha the Shapeless
  6604 | D:1      | Reached * piety under Jiyva
  6604 | D:1      | Reached ** piety under Jiyva
  6606 | D:1      | Fell from the grace of Jiyva
  7074 | D:6      | Found a sand-covered staircase.
  7078 | Ossuary  | Entered an ossuary
  7121 | Ossuary  | Reached XP level 8. HP: 61/70 MP: 7/7
  7306 | Ossuary  | Reached skill level 9 in Long Blades
  7837 | D:6      | Gained mutation: Your spells are a little easier to cast,
                  | but a little less powerful. [the vengeance of Jiyva]
  7837 | D:6      | Gained mutation: You are weak. (Str -2) [the vengeance of
                  | Jiyva]
  7837 | D:6      | Gained mutation: You tend to lose your temper in combat.
                  | [the vengeance of Jiyva]
  8094 | D:6      | Identified the +12 arbalest "Vecoo" {elec, +Blink rElec
                  | Int+5 Stlth-}
  8176 | D:6      | Found a basalt altar of Yredelemnul.
  8179 | D:6      | Became a worshipper of Yredelemnul the Dark
  8238 | D:6      | Found a transporter.
  8241 | D:6      | Noticed a kobold demonologist
  8241 | D:6      | Noticed a kobold demonologist
  8255 | D:6      | Found a transporter.
  8348 | D:6      | Gained mutation: You are very weak. (Str -4) [mutagenic
                  | glow]
  8367 | D:6      | Lost mutation: Your spells are a little easier to cast, but
                  | a little less powerful. [mutagenic glow]
  8517 | D:6      | Noticed Prince Ribbit
  8691 | D:5      | Gained mutation: You are dopey. (Int -2) [the vengeance of
                  | Jiyva]
  8723 | D:6      | Killed Prince Ribbit
  8724 | D:6      | Reached skill level 5 in Armour
  9139 | D:6      | Gained mutation: Your body sometimes deteriorates upon
                  | taking damage. [mutagenic glow]
  9146 | D:6      | Noticed a slime creature
  9152 | D:6      | Killed a slime creature
  9173 | D:6      | Gained mutation: You often lose your temper in combat.
                  | [mutagenic glow]
  9396 | D:7      | Identified the +10 dagger of the Shoals {spect, SInv}
  9411 | D:7      | Reached skill level 10 in Long Blades
  9443 | D:7      | Found a blossoming altar of Fedhas.
  9449 | D:7      | Reached XP level 9. HP: 61/78 MP: 8/8
  9537 | D:7      | Found a glowing silver altar of Zin.
  9907 | D:7      | Reached skill level 1 in Short Blades
 10121 | D:7      | Gained mutation: Your spells are a little easier to cast,
                  | but a little less powerful. [mutagenic glow]
 11109 | D:8      | Noticed a two-headed ogre
 11132 | D:8      | Killed a two-headed ogre
 11133 | D:8      | Reached skill level 5 in Stealth
 11133 | D:8      | Reached XP level 10. HP: 86/86 MP: 9/9
 11237 | D:8      | Found Vouwel's Magic Scroll Boutique.
 11660 | D:8      | Gained mutation: Your spells are easier to cast, but less
                  | powerful. [the vengeance of Jiyva]
 11660 | D:8      | Gained mutation: Your spells are much easier to cast, but
                  | much less powerful. [the vengeance of Jiyva]
 12193 | D:8      | Noticed an azure jelly
 12199 | D:8      | Demolished by an azure jelly

Illustrated notes

Levels and vault maps discovered:
D:1:      tarquinn_simple_flora_water_a, layout_basic,
          ebering_ecumenical_altar_petrified, st_stairs_12
D:2:      layout_loops_corners, serial_shops, shop_fountains,
          minmay_statues_item, kennysheep_jessica_study, uniq_jessica
D:3:      layout_basic, gammafunk_temple_overflow_elements
D:4:      layout_loops_ring, nzn_wu_jian_contemplation
D:5:      layout_rooms, minmay_temple_entry_junction,
          nicolae_shop_overcharged_wands, uniq_duvessa
D:6:      gammafunk_wand_slinger, layout_layer_cave, marbit_many_paths,
          enter_ossuary_5, uniq_prince_ribbit1
D:7:      layout_loops_ring, mainiacjoe_overflow_catwalk_spiral,
          nrook_pool_corridor, grunt_decor_arrowhead
D:8:      layout_cave_pods, serial_shops, shop_statue, grunt_decor_clamped,
          minmay_orc_keep
Temple:   kb_temple_of_zot

Skill      XL: |  1  2  3  4  5  6  7  8  9 10 |
---------------+-------------------------------+-----
Long Blades    | 4 5 6 8 10 | 10.5
Stealth        | 2 3 5 |  5.0
Fighting       | 4 5 6 7 |  7.6
Dodging        | 4 5 |  5.3
Armour         | 1 2 3 6 9 |  9.6
Short Blades   | 3 4 |  4.7
Evocations     | |  0.8

Action                   |  1- 3 |  4- 6 |  7- 9 | 10-12 || total
-------------------------+-------+-------+-------+-------++-------
Melee: Falchion          |    91 |   124 |   255 |       ||   470
       Headbutt          |    17 |    22 |    70 |     6 ||   115
       Dagger            |       |       |    84 |    42 ||   126
Invok: Renounce Religion |       |       |     1 |       ||     1
Evoke: Wand              |       |       |     6 |       ||     6
  Use: Scroll            |     3 |     3 |     4 |       ||    10
       Potion            |       |     6 |     3 |     1 ||    10
 Stab: Sleeping          |     3 |       |       |       ||     3
       Invisible         |       |     3 |       |       ||     3
       Paralysed         |       |       |     6 |       ||     6
Armor: Robe              |    17 |       |       |       ||    17
       Scale mail        |     2 |    32 |       |       ||    34
       Skin              |     2 |    36 |       |       ||    38
       Plate armour      |       |    15 |   216 |    35 ||   266
Dodge: Dodged            |    56 |    56 |   124 |    27 ||   263
       Rpst.: Falchion   |    17 |    18 |    30 |       ||    65
